 Dungeon Crawl Stone Soup version 0.30-a0-586-g23e55c9e0a (webtiles) character file.

Game seed: 14286594856339687348

224 pokeman the Magician (level 5, -1/29 HPs)
             Began as a Deep Elf Hedge Wizard on Jan 4, 2023.
             Was a Follower of Vehumet.
             Slain by Grinder (5 damage)
             ... while paralysed by Grinder
             ... on level 3 of the Dungeon.
             The game lasted 00:07:12 (3776 turns).

pokeman the Magician (Deep Elf Hedge Wizard)        Turns: 3776, Time: 00:07:13

Health: -1/29      AC:  3    Str:  7    XL:     5   Next: 67%
Magic:  2/15       EV:  2    Int: 21    God:    Vehumet [*.....]
Gold:   172        SH:  0    Dex: 14    Spells: 8/16 levels left

rFire   . . .      SeeInvis .    a - +0 dagger
rCold   . . .      Faith    .    (no shield)
rNeg    . . .      Spirit   .    b - +0 robe
rPois   .          Reflect  .    o - +0 helmet
rElec   .          Harm     .    (no cloak)
rCorr   .          Rampage  .    (no gloves)
Will    .....                    (no boots)
Stlth   ++                       (no amulet)
HPRegen 0.24/turn                (no ring)
MPRegen 0.14/turn                (no ring)

@: paralysed
A: no striking features
a: Renounce Religion


You were on level 3 of the Dungeon.
You worshipped Vehumet.
Vehumet was aware of your devotion.
You visited 1 branch of the dungeon, and saw 3 of its levels.

You collected 172 gold pieces.

Inventory:

Hand Weapons
 a - a +0 dagger (weapon)
Armour
 b - a +0 robe (worn)
 o - a +0 helmet (worn)
Scrolls
 c - a scroll of noise {unknown}
 g - a scroll of magic mapping {unknown}
 i - 5 scrolls of identify {unknown}
 j - 2 scrolls of poison {unknown}
 l - 2 scrolls of butterflies {unknown}
 m - a scroll of blinking {unknown}
 p - a scroll of silence {unknown}
Potions
 d - a potion of magic
 e - 2 potions of might {unknown}
 f - a potion of haste {unknown}
 h - a potion of heal wounds {unknown}
 k - a potion of ambrosia {unknown}
 n - a potion of degeneration {unknown}


   Skills:
 + Level 1.1 Fighting
 - Level 1.0 Armour
 - Level 3.0 Dodging
 - Level 3.0 Stealth
 * Level 6.4 Spellcasting
 + Level 2.8 Conjurations
 - Level 1.1 Summonings
 - Level 1.1 Translocations
 + Level 0.8 Air Magic
 - Level 1.0 Poison Magic


You had 8 spell levels left.
You knew the following spells:

 Your Spells              Type           Power      Damage    Failure   Level
a - Magic Dart            Conj           72%        1d6       2%          1
b - Mephitic Cloud        Conj/Pois/Air  13%        N/A       14%         3
c - Call Imp              Summ           11%        N/A       9%          2
d - Blink                 Tloc           22%        N/A       9%          2

Your spell library contained the following spells:

 Spells                   Type           Power      Damage    Failure   Level
 Freeze                   Ice            24%        1d4       10%         1
 Slow                     Hex            24%        N/A       10%         1
 Cigotuvi's Dreadful Rot  Necr/Pois/Air  18%        N/A       11%         2
 Gell's Gravitas          Tloc           11%        N/A       19%         3
 Teleport Other           Tloc           11%        N/A       19%         3
 Dispersal                Tloc           5%         N/A       100%        6


Dungeon Overview and Level Annotations

Branches:
Dungeon (3/15)

Altars:
Ashenzari
Okawaru
Ru
Vehumet
Yredelemnul

Shops:
D:2 *

Annotations:
D:3 Grinder


Message History

Grinder is severely wounded.
Casting: Magic Dart (safe; 2% risk of failure)
Confirm with . or Enter, or press ? or * to list all spells.
Aiming: Magic Dart (safe; 2% risk of failure)
Press: ? - help, Shift-Dir - straight line, f/p - Grinder
Aim: Grinder (severely wounded, 100% to hit)
The magic dart hits Grinder.
Grinder is severely wounded.
Grinder gestures at you.
You suddenly lose the ability to move!
Grinder gestures at you. Pain shoots through your body!
You can move again.
Casting: Magic Dart (safe; 2% risk of failure)
Confirm with . or Enter, or press ? or * to list all spells.
You blink.
Casting: Blink (safe; 9% risk of failure)
Confirm with . or Enter, or press ? or * to list all spells.
A beastly little devil appears in a puff of flame.
Grinder gestures at you.
You shrug off the repeated paralysis!
Unknown command.
You hit Grinder.
Grinder is almost dead.
Grinder gestures at you. Pain shoots through your body!
Your crimson imp completely misses Grinder.
Unknown command.
You hit Grinder but do no damage.
Grinder is almost dead.
Grinder gestures at you.
You suddenly lose the ability to move!
Your crimson imp closely misses Grinder.
You feel stable enough to blink again. Grinder hits you.
Your crimson imp closely misses Grinder.
Grinder hits you.
* * * LOW HITPOINT WARNING * * *
You writhe in agony.
You die...

###### #.# .....#
#.######### ####.#
#..5......# #.#
#########.# #.#
#########.#
####.#######....5....#
..........##.#########
.###.####.##5# #########
.# #.# #.##.# #@5.<...# .#
#.# #.##.#
#5#####.########## .# #.#
##.##5###.# #..........#
.# #.# #.........#
#.########.# .# #.#
##.##.##################)#
.###.#
####....#~~~~~~~~~~~~~#)#
..##.#
######~.....).....~#)#
..[..####
#~...........~#.#
.###....#
#~..#.....#..~#)#


You could see Grinder (ally target) and a friendly crimson imp (summoned).

Vanquished Creatures
  Robin (D:3)
  4 adders (D:2)
  6 gnolls
  2 dart slugs
  An orc (D:3)
  5 endoplasms
  5 giant cockroaches
  10 goblins
  9 hobgoblins
  2 jackals (D:3)
  2 quokkas
  2 ball pythons
  3 bats
  A frilled lizard (D:2)
  A kobold (D:3)
  7 rats
61 creatures vanquished.

Vanquished Creatures (collateral kills)
  Terence (D:2)
  2 gnolls
  2 hobgoblins (D:3)
5 creatures vanquished.

Grand Total: 66 creatures vanquished

Notes
Turn   | Place    | Note
-------+----------+-------------------------------------------
     0 | D:1      | pokeman the Deep Elf Hedge Wizard began the quest for the
                  | Orb.
     0 | D:1      | Reached XP level 1. HP: 10/10 MP: 7/7
   307 | D:1      | Reached XP level 2. HP: 16/16 MP: 3/9
   867 | D:2      | Reached skill level 5 in Spellcasting
  1097 | D:2      | Reached XP level 3. HP: 20/20 MP: 3/11
  1101 | D:2      | Learned a level 3 spell: Mephitic Cloud
  1104 | D:2      | Learned a level 2 spell: Call Imp
  1107 | D:2      | Learned a level 2 spell: Blink
  1274 | D:2      | Found Tyckaleo's Assorted Antiques.
  1341 | D:2      | Reached skill level 1 in Fighting
  1341 | D:2      | Reached skill level 1 in Armour
  1550 | D:2      | Reached XP level 4. HP: 25/25 MP: 10/13
  2082 | D:2      | Noticed Terence
  2090 | D:2      | Killed Terence
  2091 | D:2      | Reached skill level 6 in Spellcasting
  2091 | D:2      | Reached XP level 5. HP: 14/29 MP: 8/15
  2213 | D:3      | Found a broken altar of Ashenzari.
  2279 | D:3      | Found an iron altar of Okawaru.
  2296 | D:3      | Found a sacrificial altar of Ru.
  2296 | D:3      | Found a radiant altar of Vehumet.
  2302 | D:3      | Found a basalt altar of Yredelemnul.
  2304 | D:3      | Became a worshipper of Vehumet
  2918 | D:3      | Found a faded altar of an unknown god.
  3010 | D:3      | Noticed Robin
  3010 | D:3      | Noticed Grinder
  3372 | D:3      | Killed Robin
  3372 | D:3      | Reached * piety under Vehumet
  3372 | D:3      | Offered knowledge of Freeze by Vehumet.
  3373 | D:3      | Reached skill level 1 in Poison Magic
  3649 | D:3      | Paralysed by Grinder for 3 turns
  3663 | D:3      | Paralysed by Grinder for 2 turns
  3768 | D:3      | Paralysed by Grinder for 3 turns
  3774 | D:3      | Paralysed by Grinder for 5 turns
  3776 | D:3      | Slain by Grinder

Illustrated notes

Levels and vault maps discovered:
D:1:      minmay_arrival_cross, layout_loops_ring
D:2:      layout_basic, serial_shops, nicolae_shop_waterfront, uniq_terence
D:3:      layout_loops_ring, nicolae_overflow_hallway_of_the_gods,
          shapermc_ecumenical_altar_mp_vishouse, kennysheep_path_1, uniq_robin,
          uniq_grinder

Skill      XL: |  1  2  3  4  5 |
---------------+----------------+-----
Spellcasting   | 5 6 |  6.4
Fighting       | 1 |  1.1
Armour         | 1 |  1.0
Conjurations   | 2 |  2.8
Dodging        | 3 |  3.0
Stealth        | 3 |  3.0
Poison Magic   | 1 |  1.0
Summonings     | |  1.1
Translocations | |  1.1
Air Magic      | |  0.8

Action                   |  1- 3 |  4- 6 || total
-------------------------+-------+-------++-------
Melee: Dagger            |       |    20 ||    20
 Cast: Magic Dart        |    91 |   106 ||   197
       Call Imp          |       |    10 ||    10
       Mephitic Cloud    |       |     4 ||     4
       Blink             |       |     3 ||     3
 Stab: Confused          |       |     3 ||     3
Armor: Robe              |     4 |     4 ||     8
Dodge: Dodged            |     9 |    20 ||    29

Table legend: (Time is in decaauts)
 A = Elapsed time spent in this place.
 B = Non-inter-level travel time spent in this place.
 C = Inter-level travel time spent in this place.
 D = Time resting spent in this place.
 E = Time spent auto-exploring this place.
 F = Levels seen in this place.
 G = Mean time per level.
                   A        B        C        D        E       F      G
               +--------+--------+--------+--------+--------+-----+--------+
         Total |   3777 |   3638 |    139 |    188 |   2808 |   3 | 1259.0 |
       Dungeon |   3777 |   3638 |    139 |    188 |   2808 |   3 | 1259.0 |
               +--------+--------+--------+--------+--------+-----+--------+

Top non-repeatable levels by time:
     D:3: 1490 daAuts
     D:2: 1429 daAuts
     D:1: 857 daAuts
